 Dungeon Crawl Stone Soup version 0.26.1-2-gb8aa6d0cf2 (webtiles) character file.

Game seed: 4525518464653452293

2856 funkygono the Basher (level 9, -20/78 HPs)
             Began as a Minotaur Fighter on Mar 13, 2021.
             Was an Elder of Okawaru.
             Demolished by an orc knight
             ... wielding a +0 bardiche
              (25 damage)
             ... while paralysed
             ... in a bailey.
             The game lasted 00:15:11 (6503 turns).

funkygono the Basher (Minotaur Fighter)             Turns: 6503, Time: 00:15:11

Health: -20/78     AC: 18    Str: 22    XL:     9   Next: 46%
Magic:  8/8        EV:  2    Int: 13    God:    Okawaru [****..]
Gold:   292        SH:  0    Dex: 12    Spells: 8/8 levels left

rFire    . . .     SeeInvis .   x - +7 mace of Miokk {vorpal, Int+8 Stlth-}
rCold    . . .     Faith    .   c - +1 kite shield
rNeg     . . .     Spirit   .   e - +0 chain mail
rPois    .         Reflect  .   (helmet restricted)
rElec    .         Harm     .   s - +0 cloak {rCorr}
rCorr    +         Rampage  .   t - +1 pair of gloves
Will     .....                  (no boots)
Stlth    ..........             (no amulet)
HPRegen  0.23/turn              (no ring)
MPRegen  0.11/turn              A - +4 ring of protection

@: paralysed, berserk cooldown, slowed
A: retaliatory headbutt, horns 2
a: Renounce Religion, Heroism


You were in a bailey.
You worshipped Okawaru.
Okawaru was greatly pleased with you.
You visited 1 branch of the dungeon, and saw 7 of its levels.
You also visited: Bailey.

You collected 292 gold pieces.

Inventory:

Hand Weapons
 a - a +5 whip of freezing
 b - a +1 hunting sling
 f - a +0 flail
 r - a +2 quarterstaff of chaos
 x - the +7 mace of Miokk (weapon) {vorpal, Int+8 Stlth-}
   (You found it on level 5 of the Dungeon)

   It inflicts extra damage upon your enemies.
   It affects your intelligence (+8).
   It makes you less stealthy.
Missiles
 g - 49 sling bullets
 m - 49 bolts
 n - 2 boomerangs (quivered)
Armour
 c - a +1 kite shield (worn)
 e - a +0 chain mail (worn)
 s - a +0 cloak of preservation (worn)
 t - a +1 pair of gloves (worn)
Jewellery
 A - a +4 ring of protection (right hand)
Wands
 q - a wand of random effects (2)
Scrolls
 j - 2 scrolls of teleportation
 v - a scroll of blinking
 y - a scroll of identify
 z - a scroll of amnesia
 C - a scroll of fog {unknown}
Potions
 d - a potion of mutation
 h - a potion of cancellation
 i - 2 potions of flight
 k - 2 potions of brilliance
 l - a potion of magic {unknown}
 o - a potion of berserk rage
 p - 2 potions of haste {unknown}
 u - a potion of attraction {unknown}
 w - a potion of ambrosia {unknown}
 B - 7 potions of degeneration


   Skills:
 * Level 6.5 Fighting
 * Level 10.0 Maces & Flails
 + Level 1.6 Slings
 * Level 8.2 Armour
 + Level 2.7 Dodging
 + Level 1.1 Stealth
 + Level 7.6 Shields
 + Level 1.1 Evocations


You had 8 spell levels left.
You didn't know any spells.
Your spell library contained the following spells:

 Spells                   Type           Power        Failure   Level
 Corona                   Hex            0%           99%         1
 Magic Dart               Conj           0%           99%         1
 Ensorcelled Hibernation  Hex/Ice        0%           100%        2
 Searing Ray              Conj           0%           100%        2
 Confusing Touch          Hex            0%           100%        3
 Dazzling Flash           Conj/Hex       0%           100%        3
 Tukima's Dance           Hex            0%           100%        3
 Fulminant Prism          Conj/Hex       0%           100%        4
 Iskenderun's Mystic Bla  Conj/Tloc      0%           100%        4


Dungeon Overview and Level Annotations

Branches:
Dungeon (7/15)             Temple (0/1) D:7          Bailey (1/1)

Altars:
Ashenzari
Hepliaklqana
Nemelex Xobeh
Okawaru
Trog
Vehumet

Shops:
D:6 *


Innate Abilities, Weirdness & Mutations

You reflexively headbutt those who attack you in melee.
You have a pair of horns on your head.


Message History

The orc warrior hits you from afar with a +0 spear.
* * * LOW HITPOINT WARNING * * *
It was a potion of berserk rage.
A red film seems to cover your vision as you go berserk!
You feel yourself moving faster!
You feel mighty!
The orc warrior hits you but does no damage.
You feel a strong urge to attack something.
You block the orc warrior's attack.
The orc warrior no longer looks unusually strong.
The orc knight roars a battlecry!
The orc warrior goes into a battle-frenzy!
You feel your anger nearly subside.
You are no longer berserk.
You pass out from exhaustion.
You feel yourself slow down.
The orc warrior no longer looks unusually strong.
The orc knight no longer looks unusually strong.
The orc knight barely misses you.
The orc knight hits you from afar with a +0 bardiche!!
You die...

##..≈≈≈≈≈≈≈..##
##..≈≈.....≈≈..##
####..≈≈..###..≈≈..##########
.....≈≈..## ##.)≈≈..........#
≈≈≈≈≈≈..##.∩.##..≈≈≈≈≈≈≈≈≈≈.#
.......##.....##.).)...)..≈.#
###########'###'#########.≈.#
........## ##.≈.# #
§≈≈≈≈≈≈.@## ##..≈.# ##
≈....o≈≈..## ##..≈≈.# .#
..⌠∩⌠oo≈≈o.# #..≈≈.∩# .#
§..⌠.oo≈≈..#+#.)≈≈.## ##
≈..§..≈≈..##.##..≈≈.# #
§≈§≈§≈≈..'#...##..≈.# .$$$.#
....§...##.....##.≈.# ######
##'#############.≈.# #### ...
##......)...≈.#


You could see 2 orc knights and 4 orc warriors.

Vanquished Creatures
  Pikel (D:4)
  Edmund (D:6)
  Menkaure (D:4)
  A water moccasin (D:6)
  2 orc warriors
  A sky beast (D:5)
  A black bear (D:7)
  3 ogres
  A centaur (D:6)
  2 bullfrogs
  A wyvern skeleton (D:6)
  2 scorpions
  5 wights (D:7)
  A howler monkey (D:6)
  A bullfrog zombie (D:5)
  A quasit (D:7)
  2 hounds
  A jelly (D:5)
  Crazy Yiuf (D:3)
  A centaur skeleton (D:5)
  An orc priest (D:4)
  3 orc wizards
  2 iguanas (D:4)
  3 worker ants
  A statue (D:5)
  12 gnolls
  7 adders
  A shadow imp (D:6)
  3 white imps
  An ufetubus (D:5)
  An ooze (D:2)
  2 worms (D:4)
  3 dart slugs
  3 leopard geckos
  39 orcs
  9 bats
  5 giant cockroaches
  11 goblins
  11 hobgoblins
  3 jackals (D:2)
  6 quokkas
  A ball python (D:1)
  6 frilled lizards
  A jackal skeleton (D:4)
  9 kobolds
  A leopard gecko skeleton (D:6)
  6 rats
181 creatures vanquished.

Notes
Turn   | Place    | Note
-------+----------+-------------------------------------------
     0 | D:1      | funkygono the Minotaur Fighter began the quest for the Orb.
     0 | D:1      | Reached XP level 1. HP: 19/19 MP: 0/0
   498 | D:1      | Reached XP level 2. HP: 25/27 MP: 1/1
  1014 | D:2      | Reached XP level 3. HP: 33/33 MP: 2/2
  1193 | D:2      | Reached skill level 3 in Maces & Flails
  1206 | D:2      | Reached skill level 1 in Slings
  1206 | D:2      | Reached XP level 4. HP: 23/41 MP: 3/3
  1389 | D:2      | Reached skill level 1 in Dodging
  1605 | D:2      | Found a sparkling altar of Nemelex Xobeh.
  1870 | D:3      | Found an iron altar of Okawaru.
  1907 | D:3      | Reached XP level 5. HP: 37/47 MP: 4/4
  1916 | D:3      | Became a worshipper of Warmaster Okawaru
  2143 | D:3      | Found a runed translucent door.
  2144 | D:3      | Noticed Crazy Yiuf
  2235 | D:3      | Killed Crazy Yiuf
  2576 | D:4      | Reached skill level 4 in Maces & Flails
  2578 | D:4      | Reached XP level 6. HP: 5/53 MP: 5/5
  2874 | D:4      | Noticed Menkaure
  2885 | D:4      | Killed Menkaure
  2994 | D:4      | Reached * piety under Okawaru
  2995 | D:4      | Reached skill level 5 in Shields
  3036 | D:4      | Noticed Pikel
  3057 | D:4      | Killed Pikel
  3057 | D:4      | Reached ** piety under Okawaru
  3058 | D:4      | Reached skill level 5 in Fighting
  3058 | D:4      | Reached skill level 6 in Maces & Flails
  3058 | D:4      | Reached skill level 5 in Armour
  3058 | D:4      | Reached XP level 7. HP: 54/61 MP: 6/6
  3554 | D:4      | Reached XP level 8. HP: 43/69 MP: 7/7
  3740 | D:4      | Reached skill level 7 in Maces & Flails
  3902 | D:5      | Entered Level 5 of the Dungeon
  3976 | D:5      | Got a fine mace
  3977 | D:5      | Identified the +7 mace of Miokk {vorpal, Int+8 Stlth-} (You
                  | found it on level 5 of the Dungeon)
  4010 | D:5      | Reached *** piety under Okawaru
  4150 | D:5      | Found a broken altar of Ashenzari.
  4216 | D:5      | Found a radiant altar of Vehumet.
  4567 | D:5      | Found a hazy altar of Hepliaklqana.
  4800 | D:6      | Reached skill level 8 in Maces & Flails
  4938 | D:6      | Found Gitec's Elemental Accessories.
  4953 | D:6      | Reached skill level 1 in Stealth
  4988 | D:6      | Noticed Edmund
  4999 | D:6      | Killed Edmund
  5346 | D:6      | Found a bloodstained altar of Trog.
  5723 | D:6      | Reached XP level 9. HP: 66/75 MP: 8/8
  5907 | D:6      | Reached skill level 9 in Maces & Flails
  5911 | D:6      | Reached skill level 1 in Evocations
  6035 | D:7      | Found a staircase to the Ecumenical Temple.
  6126 | D:7      | Reached **** piety under Okawaru
  6238 | D:7      | Found a flagged portal.
  6252 | Bailey   | Entered a bailey
  6382 | Bailey   | Reached skill level 10 in Maces & Flails
  6425 | Bailey   | Noticed an orc knight
  6426 | Bailey   | Noticed an orc knight
  6487 | Bailey   | Identified the +11 crystal plate armour "Ogaykhli" {rPois
                  | rF+ Dex-3 SInv}
  6496 | Bailey   | HP: 3/78 [orc warrior/+0 spear (1)]
  6503 | Bailey   | Demolished by an orc knight

Illustrated notes

Levels and vault maps discovered:
D:1:      dpeg_arrival_chambers_temple_mockup, layout_loops_ring
D:2:      layout_rooms, nemelex_dance_club_becter
D:3:      layout_rooms, okawaru_metal_pillars_3, uniq_crazy_yiuf_cottage
D:4:      layout_gridville, uniq_pikel, uniq_menkaure
D:5:      layout_loops_cross, nzn_hepliaklqana_mist_gate,
          nicolae_overflow_hidden_temple, vehumet_statue
D:6:      layout_gridville, lightli_temple_of_fire, nicolae_elemental_shop,
          bh_walls_and_bars, uniq_edmund
D:7:      kennysheep_steamy, layout_loops_corners,
          minmay_temple_entry_overgrown, enter_bailey_7, serial_shops,
          nicolae_shop_waterfront, trog_wizard
Bailey:   bailey_polearm_1, bailey

Skill      XL: |  1  2  3  4  5  6  7  8  9 |
---------------+----------------------------+-----
Fighting       | 4 5 6 |  6.5
Armour         | 4 5 6 7 8 |  8.2
Maces & Flails | 3 4 6 8 10 | 10.0
Slings         | 1 |  1.6
Dodging        | 2 |  2.7
Shields        | 4 5 6 7 |  7.6
Stealth        | 1 |  1.1
Evocations     | 1 |  1.1

Action                   |  1- 3 |  4- 6 |  7- 9 || total
-------------------------+-------+-------+-------++-------
Melee: Flail             |    53 |   117 |     1 ||   171
       Headbutt          |     7 |    23 |    48 ||    78
       Whip              |       |       |    82 ||    82
       Mace              |       |       |   152 ||   152
 Fire: Hunting sling     |    57 |    27 |       ||    84
Invok: Heroism           |       |       |     1 ||     1
Evoke: Wand              |       |       |    19 ||    19
  Use: Scroll            |     3 |     5 |    11 ||    19
       Potion            |       |     1 |     1 ||     2
 Stab: Paralysed         |       |       |     1 ||     1
Armor: Chain mail        |    37 |    89 |   102 ||   228
Dodge: Dodged            |    14 |    46 |    59 ||   119
Block: Kite shield       |    38 |   106 |   143 ||   287
